 Dungeon Crawl Stone Soup version 0.26-a0-712-ga5a9c9c9d0 (webtiles) character file.

Game seed: 13263929249020889606

11 jasper the Sneak (level 2, 0/24 HPs)
             Began as a Demonspawn Delver on Nov 1, 2020.
             Slain by a worker ant (4 damage)
             ... on level 4 of the Dungeon.
             The game lasted 00:01:41 (736 turns).

jasper the Sneak (Demonspawn Delver)                 Turns: 736, Time: 00:01:42

Health: 0/24       AC:  3    Str: 11 (12) XL:     2   Next: 13%
Magic:  0/2        EV: 11    Int:  8 (11) God:
Gold:   0          SH:  0    Dex: 11 (14) Spells: 1/1 levels left

rFire    . . .     SeeInvis .     - Unarmed
rCold    . . .     Faith    .   (no shield)
rNeg     . . .     Spirit   +   a - +0 leather armour
rPois    .         Reflect  .   (no helmet)
rElec    .         Harm     .   (no cloak)
rCorr    .         Rampage  .   (no gloves)
MR       .....                  (no boots)
Stlth    ++........             (no amulet)
HPRegen  0.08/turn              (no ring)
MPRegen  0.08/turn              (no ring)

@: no status effects
A: magic shield
a: no special abilities


You were on level 4 of the Dungeon.
You visited 1 branch of the dungeon, and saw 3 of its levels.

Inventory:

Armour
 a - a +0 leather armour (worn)
Wands
 f - a wand of digging (1)
Scrolls
 b - a scroll of fog
 c - 4 scrolls of magic mapping
 g - a scroll of random uselessness {unknown}


   Skills:
 - Level 3.0 Fighting
 - Level 1.7 Dodging
 - Level 4.5 Stealth
 * Level 2.6 Unarmed Combat


You had one spell level left.
You didn't know any spells.
Your spell library was empty.

Dungeon Overview and Level Annotations

Branches:
Dungeon (6/15)
 Temple: D:4-7

Altars:

Annotations:
D:6 exclusion: white imp


Innate Abilities, Weirdness & Mutations

When hurt, damage is shared between your health and your magic reserves.


Message History

A leopard gecko comes into view.
There is an escape hatch in the ceiling here.
A mysterious force pulls you upwards. The hatch slams shut behind you.
A worker ant comes into view.
Found a scroll labeled LALOOCWOPN and a lumpy purple potion.
Found a stone staircase leading up.
Okay, then.
Evoke which item? (* to show all) (? for menu, Esc to quit)
Okay, then.
It was a potion of degeneration.
There was something very wrong with that liquid.
You feel weakened.
You feel dopey.
You feel clumsy.
A howler monkey skeleton comes into view.
Found a stone staircase leading down.
MP restored: 2 The worker ant bites you.
* * * LOW HITPOINT WARNING * * *
You take 5 damage, and have 4/24 hp.
MASSIVE DAMAGE!!
You now have 1/2 mp.
The worker ant bites you.
You die...

...
######...
.........
......>...
#.....Z..#.
#.....!....
#...<.....
#@........
#.B....##
#......##..
##.........
##........
#........
##.....##
...#..#
.##....


You could see a worker ant and a howler monkey skeleton.

Vanquished Creatures
  A worker ant zombie (D:6)
1 creature vanquished.

Notes
Turn   | Place    | Note
-------+----------+-------------------------------------------
     0 | D:5      | jasper the Demonspawn Delver began the quest for the Orb.
     0 | D:5      | Reached XP level 1. HP: 18/18 MP: 1/1
    42 | D:6      | Noticed an ice beast
   206 | D:6      | Gained mutation: When hurt, damage is shared between your
                  | health and your magic reserves. [demonic ancestry]
   206 | D:6      | Reached XP level 2. HP: 17/24 MP: 2/2
   312 | D:6      | Noticed a steam dragon
   392 | D:5      | Noticed an ogre
   736 | D:4      | Slain by a worker ant

Illustrated notes

Levels and vault maps discovered:
D:4:      layout_cave_pools, gammafunk_temple_overflow_statue, temple_hall
D:5:      layout_basic, lemuel_crystal_altar
D:6:      layout_basic, grunt_temple_overflow_open

Skill      XL: |  1 |
---------------+----+-----
Unarmed Combat | 2 |  2.6
Fighting       | |  3.0
Dodging        | |  1.7
Stealth        | |  4.5

Action                   || total
-------------------------++-------
Melee: Unarmed           ||    20
Evoke: Wand              ||     2
  Use: Potion            ||     2
       Scroll            ||     1
Armor: Leather armour    ||     3
Dodge: Dodged            ||     7

Table legend: (Time is in decaauts)
 A = Elapsed time spent in this place.
 B = Non-inter-level travel time spent in this place.
 C = Inter-level travel time spent in this place.
 D = Time resting spent in this place.
 E = Time spent auto-exploring this place.
 F = Levels seen in this place.
 G = Mean time per level.
                   A        B        C        D        E       F      G
               +--------+--------+--------+--------+--------+-----+--------+
         Total |    717 |    664 |     53 |    437 |     34 |   3 |  239.0 |
       Dungeon |    717 |    664 |     53 |    437 |     34 |   3 |  239.0 |
               +--------+--------+--------+--------+--------+-----+--------+

Top non-repeatable levels by time:
     D:5: 400 daAuts
     D:6: 311 daAuts
     D:4: 4 daAuts
